 Dungeon Crawl Stone Soup version 0.31-a0-743-g45f7035092 (webtiles) character file.

Game seed: 14124806107485090014

0 Bilbo the Cudgeller (level 1, -1/18 HPs)
             Began as a Human Berserker on Sept 12, 2023.
             Was a Follower of Trog.
             Frozen to death by an endoplasm (5 damage)
             ... on level 1 of the Dungeon.
             The game lasted 00:00:53 (89 turns).

Bilbo the Cudgeller (Human Berserker)                 Turns: 89, Time: 00:00:54

Health: -1/18      AC:  2    Str: 17    XL:     1   Next: 11%
Magic:  1/1        EV: 12    Int:  7    God:    Trog [*.....]
Gold:   13         SH:  0    Dex: 12    Spells: 0/0 levels left

rFire   . . .        a - +0 mace
rCold   . . .        (no shield)
rNeg    . . .        b - +0 animal skin
rPois   .            (helmet currently unavailable)
rElec   .            (cloak currently unavailable)
rCorr   .            (gloves currently unavailable)
SInv    .            (boots currently unavailable)
Will    .....        (no amulet)
Stlth   +            (no ring)
HPRegen 0.23/turn    (no ring)
MPRegen 0.07/turn

%: no passive effects
@: beast-form
A: beast (slay +0)
a: Begin Untransformation, Renounce Religion, Berserk


You were on level 1 of the Dungeon.
You worshipped Trog.
Trog was aware of your devotion.
You were a hulking beast.
You visited 1 branch of the dungeon, and saw 1 of its levels.

You collected 13 gold pieces.

Inventory:

Hand Weapons
 a - a +0 mace (weapon)
Armour
 b - a +0 animal skin (worn)
Talismans
 c - a beast talisman (active)
Potions
 d - a potion of curing {unknown}


   Skills:
 + Level 3.0 Fighting
 + Level 3.0 Maces & Flails
 + Level 2.0 Armour
 + Level 2.0 Dodging


You couldn't memorise any spells.
You didn't know any spells.
Your spell library was empty.

Dungeon Overview and Level Annotations

Branches:
Dungeon (1/15)

Altars:


Message History

Press ? for a list of commands and other information.
Found 13 gold pieces and a beast talisman.
Found a staircase leading out of the dungeon.
You see here a beast talisman.
c - a beast talisman You begin transforming.
You continue transforming. x3
You turn into a hulking beast.
You now have 13 gold pieces.
d - a viscous pink potion A frilled lizard comes into view.
The frilled lizard hisses angrily.
The frilled lizard barely misses you.
You hit the frilled lizard.
You kill the frilled lizard!
Trog accepts your kill.
You see here a frilled lizard corpse.
An endoplasm comes into view.
The endoplasm quivers.
The endoplasm moves out of view.
Found a glowing whip.
Found a stone staircase leading down.
A hobgoblin comes into view.
The hobgoblin shouts!
The hobgoblin hits you.
You barely miss the hobgoblin. The hobgoblin barely misses you.
You closely miss the hobgoblin. The endoplasm freezes you.
You are frozen.
The hobgoblin hits you.
You barely miss the hobgoblin. Your punch misses the hobgoblin.
The endoplasm hits you.
* * * LOW HITPOINT WARNING * * *
The hobgoblin barely misses you. x2; The endoplasm hits you.
* * * LOW HITPOINT WARNING * * *
You hit the hobgoblin.
The hobgoblin is lightly wounded.
The hobgoblin completely misses you. The endoplasm closely misses you.
You barely miss the hobgoblin.
The hobgoblin is lightly wounded.
The endoplasm freezes you.
You are frozen.
You die...

+.............
####.......###
##.##.##### ####......
#..##.. #+ #..##.#
#####.### #...8..
.......g###### #...#..
###.#h##...# #...#..
#....J.....# #...#..
#...^..##...# #...8..
...#..).###.######..####
##...>#.# #...†......#..
.......# #########.....
#####.### #####. #. ## #


You could see an endoplasm and a hobgoblin.

Vanquished Creatures
  A frilled lizard (D:1)
1 creature vanquished.

Notes
Turn   | Place    | Note
-------+----------+-------------------------------------------
     0 | D:1      | Bilbo the Human Berserker began the quest for the Orb.
     0 | D:1      | Reached XP level 1. HP: 18/18 MP: 1/1
    89 | D:1      | Frozen to death by an endoplasm

Illustrated notes

Levels and vault maps discovered:
D:1:      scummos_arrival_simple_crosswalls, layout_loops_corners

Action                     || total
---------------------------++-------
  Melee: Mace              ||     6
 Armour: Animal skin       ||     4
  Dodge: Dodged            ||     6
   Form: Beast             ||     1

Table legend: (Time is in decaauts)
 A = Elapsed time spent in this place.
 B = Non-inter-level travel time spent in this place.
 C = Inter-level travel time spent in this place.
 D = Time resting spent in this place.
 E = Time spent auto-exploring this place.
 F = Levels seen in this place.
 G = Mean time per level.
                   A        B        C        D        E       F      G
               +--------+--------+--------+--------+--------+-----+--------+
         Total |     90 |     90 |      0 |      0 |     17 |   1 |   90.0 |
       Dungeon |     90 |     90 |      0 |      0 |     17 |   1 |   90.0 |
               +--------+--------+--------+--------+--------+-----+--------+

Top non-repeatable levels by time:
     D:1: 90 daAuts
